 Dungeon Crawl Stone Soup version 0.25-a0-156-g0c4bda3fdf (webtiles) character file.

Game seed: 15408345781690170379, levelgen mode: deterministic

112 sanka the Scratcher (level 4, 19/19 HPs)
             Began as a Felid Wanderer on Nov 20, 2019.
             Quit the game on level 4 of the Dungeon.
             The game lasted 00:04:14 (3245 turns).

sanka the Scratcher (Felid Wanderer)                Turns: 3245, Time: 00:04:15

Health: 19/19      AC:  1    Str:  9    XL:     4   Next: 64%
Magic:  5/5        EV: 18    Int: 10    God:
Gold:   159        SH:  0    Dex: 19    Spells: 3/3 levels left
                                        Lives:  0   Deaths: 1

rFire    . . .     SeeInvis +     - Unarmed
rCold    . . .     Gourm    .   (shield unavailable)
rNeg     . . .     Faith    .   (armour unavailable)
rPois    .         Spirit   .   (helmet unavailable)
rElec    .         Reflect  .   (cloak unavailable)
rCorr    .         Harm     .   (gloves unavailable)
MR       .....                  (boots unavailable)
Stlth    +++.......             (no amulet)
HPRegen  0.06/turn              (no ring)
MPRegen  0.09/turn              (no ring)

@: quick
A: very small, no armour, no weapons or thrown items, stealth, claws 1, fangs 3,
see invisible, carnivore, speed 1, shaggy fur 1, slow metabolism 1, sharp paws
a: no special abilities


You were on level 4 of the Dungeon.
You were not hungry.

You visited 1 branch of the dungeon, and saw 4 of its levels.

You collected 159 gold pieces.


Innate Abilities, Weirdness & Mutations

You cannot wear armour.
You are incapable of wielding weapons or throwing items.
Your paws allow you to move quietly. (Stealth)
You have sharp claws.
You have razor-sharp teeth.
You have supernaturally acute eyesight. (SInv)
You are carnivorous and can eat meat at any time.
You cover ground quickly.
You are covered in fur. (AC +1)
You have a slow metabolism.
Your sharp claws are effective at attacking unaware monsters.


   Skills:
 - Level 1.0 Fighting
 - Level 2.6 Dodging
 - Level 2.6 Stealth
 + Level 7.0 Unarmed Combat
   Level 1.1 Evocations


You had 3 spell levels left.
You didn't know any spells.
Your spell library was empty.

Inventory:

Scrolls
 h - 2 scrolls of enchant weapon {unknown}
 j - 2 scrolls of enchant armour {unknown}
 l - a scroll of fear {unknown}
 m - 4 scrolls of identify {unknown}
 n - 2 scrolls of teleportation {unknown}
 o - a scroll of immolation {unknown}
 p - 2 scrolls of remove curse {unknown}
Potions
 e - a potion of ambrosia {unknown}
 f - 2 potions of berserk rage {unknown}
 g - a potion of mutation {unknown}
 i - a potion of degeneration {unknown}
 k - 2 potions of agility {unknown}
Comestibles
 c - a chunk of flesh
 d - 4 rations

Dungeon Overview and Level Annotations

Branches:
Dungeon (4/15)
 Temple: D:4-7

Altars:

▒▒▒
▒..
▒.▒
▒.▒
▒.▒
▒h▒
▒.▒
▒.▒
▒.▒
▒.▒
▒.▒
▒.▒
...


There were no monsters in sight!


Message History

You see here a +0 spear.
The gnoll hits you with a +0 halberd!
Ouch! That really hurt!
* * * LOW HITPOINT WARNING * * *
Found a scroll labeled GAIMAM XUBBOE.
The gnoll barely misses you.
You see here a +0 spear.
The gnoll throws a throwing net.
The throwing net hits you.
You become entangled in the net!
An orc comes into view.
There is a stone staircase leading up here.
You see here a throwing net {=f}.
Okay, then.
You tear a large gash into the net.
You struggle against the net.
The gnoll hits you!
* * * LOW HITPOINT WARNING * * *
You feel much better. The gnoll hits you but does no damage.
The gnoll hits you from afar with a +0 halberd!
You feel yourself speed up. The gnoll hits you.
* * * LOW HITPOINT WARNING * * *
The gnoll closely misses you.
Unknown command.
You struggle against the net.
The gnoll hits you.
* * * LOW HITPOINT WARNING * * *
The gnoll hits you from afar with a +0 halberd!
Ouch! That really hurt!
You die...
You are now level 4!
You rejoin the land of the living...
Are you sure you want to abandon this character and quit the game? (Confirm with "yes".)

Action                   |  1- 3 |  4- 6 || total
-------------------------+-------+-------++-------
Melee: Unarmed           |    79 |    55 ||   134
       Bite              |    12 |     2 ||    14
       Punch             |     1 |     2 ||     3
  Use: Potion            |     2 |     2 ||     4
 Stab: Sleeping          |     7 |     5 ||    12
  Eat: Chunk             |     8 |     3 ||    11
Armor: Skin              |     2 |     3 ||     5
Dodge: Dodged            |    49 |    30 ||    79

Levels and vault maps discovered:
D:1:      wander_arrival_fairy_ring, layout_loops_ring, hangedman_decor_growths
D:2:      layout_basic, uniq_sigmund
D:3:      layout_basic
D:4:      cheibrodos_pilgrimage, layout_loops_ring, first_ration, serial_shops,
          shop, shop, shop, st_stairs_1, minmay_misc_feat_alley

Notes
Turn   | Place    | Note
-------+----------+-------------------------------------------
     0 | D:1      | sanka the Felid Wanderer began the quest for the Orb.
     0 | D:1      | sanka set off with the following items: a potion of heal
                  | wounds, a potion of haste, 2 potions of curing, a ration
     0 | D:1      | Reached XP level 1. HP: 9/9 MP: 2/2
   135 | D:1      | Reached XP level 2. HP: 8/12 MP: 3/3
   742 | D:1      | Reached skill level 5 in Unarmed Combat
   888 | D:1      | Reached XP level 3. HP: 15/15 MP: 4/4
  1134 | D:2      | Noticed Sigmund
  1160 | D:2      | Killed Sigmund
  1160 | D:2      | Reached skill level 6 in Unarmed Combat
  1160 | D:2      | Reached XP level 4. HP: 7/19 MP: 5/5
  1160 | D:2      | Reached XP level 5. HP: 9/22 MP: 6/6
  3232 | D:4      | Reached skill level 7 in Unarmed Combat
  3244 | D:4      | HP: 2/22 [gnoll (6)]
  3244 | D:4      | Mangled by a gnoll
  3245 | D:4      | Reached XP level 4. HP: -10/19 MP: 5/5
  3245 | D:4      | Quit the game

Vanquished Creatures
  Sigmund (D:2)
  A gnoll (D:4)
  A worm (D:3)
  2 dart slugs (D:1)
  6 orcs
  5 bats
  7 giant cockroaches
  7 hobgoblins
  3 jackals (D:1)
  6 kobolds
  3 frilled lizards
  4 goblins
  4 rats
50 creatures vanquished.
